 Dungeon Crawl Stone Soup version 0.21.1-1-g345015fe64 (webtiles) character file.

462 Ivernyr the Covered (level 6, -2/48 HPs)
             Began as a Demonspawn Skald on Apr 25, 2018.
             Slain by an iguana (5 damage)
             ... on level 4 of the Dungeon.
             The game lasted 00:19:11 (4194 turns).

Ivernyr the Covered (Demonspawn Skald)              Turns: 4194, Time: 00:19:11

Health: -2/48      AC: 14    Str: 15    XL:     6   Next: 79%
Magic:  6/9        EV: 11    Int: 15    God:
Gold:   243        SH:  0    Dex: 14    Spells: 4/9 levels left

rFire    . . .     SeeInvis .   a - +0 falchion
rCold    + . .     Gourm    .   (no shield)
rNeg     . . .     Faith    .   s - +3 ring mail {rC+}
rPois    .         Spirit   .   (no helmet)
rElec    .         Reflect  .   (no cloak)
rCorr    +         Harm     .   i - +2 pair of gloves
MR       .....                  (no boots)
Stlth    +.........             t - amulet of rage
HPRegen  0.16/turn              p - ring of resist corrosion
MPRegen  0.11/turn              v - +4 ring of strength

@: very slightly contaminated
A: iridescent scales 1, foul stench 1, powered by pain 1, rot immunity
a: Evoke Berserk Rage


You were on level 4 of the Dungeon.
You were not hungry.

You visited 1 branch of the dungeon, and saw 4 of its levels.

You collected 243 gold pieces.

Inventory:

Hand Weapons
 a - a +0 falchion (weapon)
Armour
 i - a +2 pair of gloves (worn)
 s - a +3 ring mail of cold resistance (worn)
Jewellery
 p - a ring of resist corrosion (left hand)
 t - an amulet of rage (around neck)
 v - a +4 ring of strength (right hand)
Scrolls
 e - 2 scrolls of magic mapping
 f - 2 scrolls of remove curse
 h - 2 scrolls of random uselessness {unknown}
 j - 3 scrolls of teleportation
 m - a scroll of fear {unknown}
 n - a scroll of amnesia {unknown}
 u - a scroll of blinking {unknown}
Potions
 b - 2 potions of ambrosia {unknown}
 g - 3 potions of haste
 k - 3 potions of mutation
 o - a potion of agility {unknown}
 q - 2 potions of curing {unknown}
 r - a potion of heal wounds {unknown}
Books
 c - a book of Battle

   Spells                             Type                      Level
   a - Infusion                       Charms                       1
   b - Shroud of Golubria             Charms/Translocation         2
   c - Song of Slaying                Charms                       2
   d - Spectral Weapon                Hexes/Charms                 3
   e - Regeneration                   Charms/Necromancy            3
Comestibles
 d - 8 rations
 w - a chunk of flesh


   Skills:
 + Level 4.0 Fighting
 - Level 1.7 Long Blades
 * Level 4.6 Armour
 - Level 1.7 Dodging
 - Level 2.0 Spellcasting
 + Level 4.2 Charms


You had 4 spell levels left.
You knew the following spells:

 Your Spells              Type           Power        Failure   Level  Hunger
a - Shroud of Golubria    Chrm/Tloc      #.........   26%         2    ###....
b - Song of Slaying       Chrm           ##......     11%         2    ###....
c - Infusion              Chrm           ##..         8%          1    #......


Dungeon Overview and Level Annotations

Branches:
Dungeon (4/15)
 Temple: D:4-7

Altars:


Innate Abilities, Weirdness & Mutations

You are partially covered in iridescent scales. (AC +2)
You may emit foul miasma when damaged in melee.
You sometimes gain a little power by taking damage.
You are immune to rotting.


Message History

The iguana is heavily wounded.
The iguana bites you!
* * * LOW HITPOINT WARNING * * *
You barely miss the iguana.
The iguana is heavily wounded.
The iguana bites you but does no damage.
You closely miss the iguana.
The iguana is heavily wounded.
The iguana bites you but does no damage. x2
You hit the iguana but do no damage.
The iguana is heavily wounded.
The iguana barely misses you.
You hit the iguana but do no damage.
The iguana is heavily wounded.
The iguana barely misses you.
You riposte.
You hit the iguana.
The iguana is heavily wounded.
You barely miss the iguana.
The iguana is heavily wounded.
The iguana bites you.
You die...

#......#........
........'........
.........#........
.........#........
........#.....###
#########.....#.
#................
#........######..
#......@## #
#.....l###
#####.....##.#
.............# .
........######...
.................
.............##+
.........†.......
..######.........


You could see an iguana.

Vanquished Creatures
  Sigmund (D:3)
  A phantom (D:3)
  Terence (D:3)
  A worker ant (D:4)
  8 adders
  3 worms (D:2)
  3 dart slugs
  A leopard gecko (D:3)
  5 orcs (D:3)
  7 bats
  2 giant cockroaches (D:1)
  6 hobgoblins
  2 jackals (D:2)
  11 kobolds
  3 ball pythons
  12 frilled lizards
  6 goblins
  6 rats
79 creatures vanquished.

Notes
Turn   | Place    | Note
-------+----------+-------------------------------------------
     0 | D:1      | Ivernyr the Demonspawn Skald began the quest for the Orb.
     0 | D:1      | Reached XP level 1. HP: 16/16 MP: 3/3
    47 | D:1      | Reached skill level 1 in Armour
   151 | D:1      | Gained mutation: You are immune to rotting. [demonic ancestry]
   151 | D:1      | Reached XP level 2. HP: 14/22 MP: 5/5
   368 | D:1      | Learned a level 2 spell: Song of Slaying
   371 | D:1      | Learned a level 2 spell: Shroud of Golubria
  1015 | D:2      | Reached XP level 3. HP: 28/28 MP: 3/6
  1580 | D:2      | Gained mutation: You may emit foul miasma when damaged in melee. [demonic ancestry]
  1580 | D:2      | Reached XP level 4. HP: 22/34 MP: 7/7
  1813 | D:2      | Found a faded altar of an unknown god.
  2459 | D:3      | Noticed Terence
  2489 | D:3      | Killed Terence
  2942 | D:3      | Gained mutation: You are partially covered in iridescent scales. (AC +2) [demonic ancestry]
  2942 | D:3      | Reached XP level 5. HP: 27/41 MP: 4/8
  3339 | D:3      | Noticed a phantom
  3622 | D:3      | Killed a phantom
  3709 | D:3      | Noticed Sigmund
  3742 | D:3      | Killed Sigmund
  3742 | D:3      | Gained mutation: You sometimes gain a little power by taking damage. [demonic ancestry]
  3742 | D:3      | Reached XP level 6. HP: 41/48 MP: 9/9
  4183 | D:4      | HP: 1/48 [iguana (8)]
  4194 | D:4      | Slain by an iguana

Skill      XL: |  1  2  3  4  5  6 |
---------------+-------------------+-----
Armour         | 1 2 3 4 |  4.6
Charms         | 3 4 |  4.2
Fighting       | 3 4 |  4.0
Long Blades    | |  1.7
Dodging        | |  1.7
Spellcasting   | |  2.0

Action                   |  1- 3 |  4- 6 || total
-------------------------+-------+-------++-------
Melee: Falchion          |   145 |   299 ||   444
 Cast: Shroud of Golubri |     4 |    14 ||    18
       Song of Slaying   |     2 |     3 ||     5
  Use: Scroll            |       |     6 ||     6
  Eat: Chunk             |     3 |    11 ||    14
Armor: Leather armour    |    61 |    16 ||    77
       Ring mail         |       |   139 ||   139
Dodge: Dodged            |   110 |   164 ||   274
       Rpst.: Falchion   |    32 |    55 ||    87
